 Dungeon Crawl Stone Soup version 0.28.0 (webtiles) character file.

Game seed: 7214121258396476827

1465 Hasart the Insei (level 8, -2/54 HPs)
             Began as an Octopode Transmuter on Feb 19, 2022.
             Succumbed to Dowan's poison
             ... on level 6 of the Dungeon.
             The game lasted 00:08:38 (7587 turns).

Hasart the Insei (Octopode Transmuter)              Turns: 7587, Time: 00:08:39

Health: -2/54      AC:  2    Str:  9    XL:     8   Next: 77%
Magic:  18/22      EV: 21    Int: 17    God:
Gold:   400        SH:  0    Dex: 18    Spells: 4/14 levels left

rFire   . . .      SeeInvis .     - Unarmed
rCold   . . .      Faith    .   (shield currently unavailable)
rNeg    + . .      Spirit   .   (helmet currently unavailable)
rPois   x          Reflect  .   (no amulet)
rElec   .          Harm     .   b - ring of positive energy
rCorr   .          Rampage  .   g - ring of magical power
Will    .....                   (no ring)
Stlth   ++........              (no ring)
HPRegen 0.18/turn               (no ring)
MPRegen 0.18/turn               (no ring)
                                (no ring)
                                (no ring)

@: lethally poisoned (-2 -> -25), spider-form (expiring), very slightly
contaminated
A: venomous fangs, almost no armour, (amphibious), 8 rings, tiny, (camouflage
1), (gelatinous body 1), (nimble swimmer 1), (tentacles)
a: End Transformation


You were on level 6 of the Dungeon.
You were a venomous arachnid creature.
You visited 1 branch of the dungeon, and saw 6 of its levels.

You collected 400 gold pieces.

Inventory:

Jewellery
 b - a ring of positive energy (left front leg)
 g - a ring of magical power (right front leg)
 u - an amulet of faith
Wands
 q - a wand of charming (10)
 t - a wand of flame (26)
Scrolls
 a - 2 scrolls of torment {unknown}
 d - 5 scrolls of identify {unknown}
 e - 3 scrolls of enchant armour {unknown}
 i - 2 scrolls of enchant weapon {unknown}
 l - a scroll of silence {unknown}
 m - 3 scrolls of blinking {unknown}
 n - a scroll of amnesia {unknown}
 p - 2 scrolls of magic mapping {unknown}
 r - a scroll of acquirement {unknown}
Potions
 c - 4 potions of haste {unknown}
 f - a potion of cancellation {unknown}
 h - 8 potions of heal wounds {unknown}
 j - a potion of ambrosia {unknown}
 k - 3 potions of attraction {unknown}
 o - a potion of experience {unknown}
 s - 2 potions of might {unknown}
 v - a potion of degeneration {unknown}


   Skills:
 + Level 3.7 Fighting
 + Level 4.1 Dodging
 * Level 6.2 Unarmed Combat
 + Level 3.9 Spellcasting
 + Level 4.2 Transmutations
 * Level 3.2 Ice Magic
 * Level 3.9 Poison Magic


You had 4 spell levels left.
You knew the following spells:

 Your Spells              Type           Power      Damage    Failure   Level
a - Beastly Appendage     Tmut           34%        N/A       10%         1
b - Wereblood             Tmut           17%        N/A       13%         2
c - Spider Form           Tmut/Pois      17%        N/A       22%         3
d - Ice Form              Ice/Tmut       16%        N/A       56%         4

Your spell library contained the following spells:

 Spells                   Type           Power      Damage    Failure   Level


Dungeon Overview and Level Annotations

Branches:
Dungeon (6/15)
 Temple: D:4-7

Altars:
Qazlal
Trog
Xom
Beogh

Annotations:
D:4 2 transporters, Crownlay's ghost, amateur MiGl
D:6 Dowan


Innate Abilities, Weirdness & Mutations

You are a venomous arachnid creature.
You have poisonous fangs.
You are tiny and dextrous.
Your spellcasting is less reliable in this form.
Your armour is entirely melded.
You are incapable of wielding weapons or throwing items.
You cannot wear most types of armour.
((You are amphibious.))
You can wear up to eight rings at the same time.
((Your skin changes colour to match your surroundings (Stealth+).))
((Your rubbery body absorbs attacks. (AC +1, EV +1)))
((You are camouflaged when in or above water. (Stealth+)))
((You have tentacles for arms and can constrict up to eight enemies at once.))


Message History

Duvessa is moderately wounded.
Duvessa completely misses you.
You bite Duvessa!
Duvessa looks as sick as possible!
Duvessa is severely wounded.
Duvessa hits you with a +0 short sword.
You hit Duvessa.
Duvessa looks as sick as possible!
Duvessa is almost dead.
Duvessa completely misses you.
You bite Duvessa!
You kill Duvessa!
You hear a distant wail of despair.
Things that are here:
a +0 short sword; a +0 leather armour Your transformation is almost over.
You bite Dowan!
Dowan is moderately wounded.
Dowan seems to find hidden reserves of power!
Dowan hits you with a +0 dagger of venom.
You are poisoned.
You barely miss Dowan.
Dowan is moderately wounded.
You feel very sick.
Dowan hits you with a +0 dagger of venom.
You are lethally poisoned!
You barely miss Dowan.
Dowan is moderately wounded.
You feel extremely sick.
Dowan gestures wildly while chanting.
Dowan blinks!
Unknown command.
* * * LOW HITPOINT WARNING * * *
You feel very sick.
Casting: Spider Form (dangerous; 22% risk of failure)
Confirm with . or Enter, or press ? or * to list all spells.
The spell is quite dangerous to miscast (56% risk of failure)!
Continue anyway?
You miscast Ice Form.
You are very lightly contaminated with residual magic.
Heat is drained from your body!
* * * LOW HITPOINT WARNING * * *
You die...

###...#.#........
##........###.#
##...###..##.#
#..## ##..#.#
##.## ##....
##..# ###.. ≈
#...# #.. ≈≈≈
####.#.# #..
.....###s)..#.#
##..
≈≈≈......####.#
##... ≈≈≈...####
#.# #..... ≈≈≈..
#.# #.#... ≈≈≈.
#.# #..#... ≈≈≈
... #.. #... ..
... .. #... . ...
##.. #...


There were no monsters in sight!

Vanquished Creatures
  Duvessa (D:6)
  2 sky beasts
  An ogre (D:4)
  2 phantoms
  A bullfrog (D:6)
  A scorpion (D:5)
  3 crimson imps (D:5)
  A howler monkey (D:4)
  A centaur zombie (D:6)
  3 hounds
  2 jellies
  A bullfrog skeleton (D:5)
  2 orc priests
  A centaur skeleton (D:5)
  2 scorpion zombies (D:5)
  An iguana (D:4)
  3 orc wizards
  A hound skeleton (D:4)
  A howler monkey zombie (D:4)
  9 adders
  2 shadow imps
  2 adder zombies (D:4)
  3 dart slugs
  15 orcs
  4 endoplasms
  5 giant cockroaches
  4 goblins
  12 hobgoblins
  10 jackals (D:1)
  3 quokkas
  9 ball pythons
  6 bats
  2 frilled lizards
  3 kobolds
  2 rats
121 creatures vanquished.

Vanquished Creatures (others)
  2 plants (D:2)
2 creatures vanquished.

Grand Total: 123 creatures vanquished

Notes
Turn   | Place    | Note
-------+----------+-------------------------------------------
     0 | D:1      | Hasart the Octopode Transmuter began the quest for the Orb.
     0 | D:1      | Reached XP level 1. HP: 13/13 MP: 3/3
    69 | D:1      | Reached XP level 2. HP: 18/18 MP: 5/5
   506 | D:1      | Reached XP level 3. HP: 11/23 MP: 6/6
   509 | D:1      | Learned a level 2 spell: Wereblood
   513 | D:1      | Learned a level 3 spell: Spider Form
  1187 | D:1      | Found a faded altar of an unknown god.
  1285 | D:2      | Found a bloodstained altar of Trog.
  1608 | D:2      | Reached XP level 4. HP: 23/29 MP: 7/7
  2769 | D:3      | Found a stormy altar of Qazlal.
  3328 | D:4      | Reached skill level 4 in Unarmed Combat
  3328 | D:4      | Reached XP level 5. HP: 27/34 MP: 8/8
  3767 | D:4      | Found a transporter.
  3768 | D:4      | Noticed Crownlay's ghost (amateur MiGl)
  3770 | D:4      | Found a transporter.
  3872 | D:4      | Reached XP level 6. HP: 40/41 MP: 10/10
  4511 | D:4      | Reached skill level 5 in Unarmed Combat
  4526 | D:4      | Reached XP level 7. HP: 42/45 MP: 7/11
  4531 | D:4      | Learned a level 4 spell: Ice Form
  4953 | D:5      | Entered Level 5 of the Dungeon
  4971 | D:5      | Reached skill level 1 in Poison Magic
  5251 | D:5      | Reached skill level 1 in Ice Magic
  6190 | D:5      | Reached XP level 8. HP: 48/52 MP: 9/13
  6563 | D:5      | Found a shimmering altar of Xom.
  6810 | D:6      | Reached skill level 6 in Unarmed Combat
  7566 | D:6      | Noticed Duvessa
  7567 | D:6      | Noticed Dowan
  7578 | D:6      | Killed Duvessa
  7587 | D:6      | Succumbed to Dowan's poison

Illustrated notes

Levels and vault maps discovered:
D:1:      minmay_arrival_jagged, layout_loops_ring,
          hellmonk_ecumenical_altar_defaced_shrine, minmay_misc_feat_plants
D:2:      layout_basic, basic_altar, serial_bayou_ford_a
D:3:      layout_basic, lemuel_round_altar
D:4:      minmay_chambers_of_twos, layout_gridville, gammafunk_ghost_mausoleum,
          palyth_stone_intersect
D:5:      layout_rooms, led_xom_imps
D:6:      layout_rooms, corexii_shack, minivault_14, uniq_duvessa

Skill      XL: |  1  2  3  4  5  6  7  8 |
---------------+-------------------------+-----
Fighting       | 2 3 |  3.7
Unarmed Combat | 4 5 6 |  6.2
Dodging        | 3 4 |  4.1
Transmutations | 3 4 |  4.2
Spellcasting   | 3 |  3.9
Poison Magic   | 2 3 |  3.9
Ice Magic      | 2 3 |  3.2

Action                   |  1- 3 |  4- 6 |  7- 9 || total
-------------------------+-------+-------+-------++-------
Melee: Unarmed           |    82 |   130 |   156 ||   368
       Tentacles         |    20 |    19 |    24 ||    63
       Constrict         |    27 |    19 |    17 ||    63
       Punch             |     5 |     5 |     7 ||    17
 Cast: Spider Form       |       |     6 |     6 ||    12
       Wereblood         |       |     2 |     1 ||     3
       Beastly Appendage |       |     1 |       ||     1
       Ice Form          |       |       |     3 ||     3
 Stab: Sleeping          |     3 |     9 |     1 ||    13
Armor: Skin              |     7 |     7 |    17 ||    31
Dodge: Dodged            |    53 |    74 |    89 ||   216
